Map: [ESL] Site Delta

Players

VITSolar (Solar) - Winner!

  • Race: Zerg Zerg
  • League: Master
  • Spawn Location: 5:00

Geralt (Gerald)

  • Race: Protoss Protoss
  • League: Master
  • Spawn Location: 11:00

Event: Bellum Gens Elite Stara Zagora 2024

VOD

Have the link to the VOD?

Description

Time

  • Played on: Sept. 7, 2024, 5:21 a.m.
  • Length: 11:20

All games in this series

Show
View Real Time Build Order
Export as new Build Order

VITSolar Zerg - Winner!

Build Orders: Hatch First 

Get SALT Encoding   

  12  0:00  Drone  
  13  0:12  Overlord  
  13  0:16  Drone  
  14  0:40  Drone x2  
  16  0:43  Drone  
  17  0:52  Hatchery  
  17  0:56  Drone  
  17  1:02  Drone  
  18  1:08  Extractor  
  17  1:14  Spawning Pool  
  17  1:17  Drone  
  17  1:23  Drone  
  18  1:34  Drone  
  19  1:45  Drone  
  20  1:56  Overlord  
  20  2:01  Queen  
  20  2:03  Queen  
  20  2:04  Zergling x2  
  20  2:06  Zergling x2  
  26  2:14  Metabolic Boost  
  26  2:19  Drone  
  26  2:20  Drone  
  28  2:25  Drone  
  29  2:31  Drone  
  30  2:40  Zergling x2  
  30  2:43  Hatchery  
  32  2:51  Queen  
  32  2:54  Overlord  
  32  2:56  Zergling x4  
  33  2:59  Drone  
  33  3:02  Drone  
  35  3:10  Zergling x2  
  35  3:11  Queen  
  38  3:14  Drone x2  
  38  3:17  Drone  
  41  3:23  Drone  
  41  3:24  Overlord  
  42  3:32  Queen  
  43  3:35  Drone  
  43  3:40  Drone  
  44  3:42  Overlord  
  44  3:44  Drone x2  
  44  3:45  Drone  
  44  3:48  Drone  
  48  3:56  Queen  
  48  3:59  Spore Crawler  
  48  4:01  Drone x2  
  51  4:05  Queen  
  53  4:11  Drone x4  
  56  4:18  Drone x2  
  56  4:19  Overlord  
  56  4:21  Spore Crawler  
  57  4:24  Overlord  
  57  4:25  Drone  
  57  4:28  Drone  
  57  4:29  Drone  
  60  4:33  Evolution Chamber  
  60  4:34  Spore Crawler  
  60  4:37  Drone x2  
  59  4:40  Drone x2  
  59  4:43  Drone  
  59  4:44  Drone  
  62  4:45  Drone  
  62  4:49  Drone  
  62  4:51  Drone x2  
  65  4:55  Overlord  
  65  4:57  Drone x3  
  68  5:02  Zergling x2, Zerg Melee Weapons Level 1  
  68  5:03  Zergling x2  
  68  5:05  Zergling x2  
  68  5:06  Zergling x2  
  72  5:07  Zergling x2  
  72  5:08  Zergling x2  
  72  5:13  Overlord  
  74  5:15  Zergling x6  
  74  5:18  Drone  
  77  5:28  Drone x2  
  79  5:34  Drone, Lair  
  79  5:35  Drone x2  
  81  5:36  Drone, Roach Warren  
  81  5:37  Hatchery  
  81  5:38  Drone, Extractor  
  81  5:39  Drone, Extractor  
  81  5:42  Drone  
  81  5:47  Drone  
  81  5:48  Overlord  
  81  5:49  Drone  
  82  5:50  Zergling x2  
  82  5:51  Zergling x6  
  82  5:53  Drone x2  
  82  5:54  Drone x3  
  82  5:56  Extractor  
  89  5:57  Zergling x2  
  89  5:58  Extractor  
  89  6:03  Drone  
  90  6:04  Overlord  
  90  6:06  Zergling x2  
  90  6:09  Zergling x6  
  94  6:12  Overlord  
  94  6:15  Drone  
  96  6:18  Zergling x2  
  96  6:22  Zergling x6  
  96  6:24  Overlord  
  99  6:27  Roach x3  
  99  6:28  Overlord  
  99  6:32  Evolution Chamber  
  104  6:37  Drone  
  105  6:42  Zergling x8  
  106  6:47  Drone x2  
  106  6:49  Drone  
  106  6:50  Queen  
  106  6:52  Glial Reconstitution  
  106  6:53  Infestation Pit  
  109  6:54  Drone x2  
  109  6:55  Drone  
  109  6:56  Zergling x2  
  109  6:59  Overlord  
  109  7:00  Zergling x8  
  116  7:07  Roach x5  
  116  7:08  Zerg Melee Weapons Level 2  
  126  7:10  Baneling Nest, Zerg Missile Weapons Level 1  
  126  7:11  Drone x2  
  126  7:14  Overlord  
  126  7:21  Zergling x8  
  130  7:25  Roach x3  
  130  7:28  Drone  
  130  7:29  Drone x2  
  137  7:30  Drone x2  
  137  7:33  Overlord  
  137  7:36  Overlord  
  139  7:38  Zergling x4  
  139  7:40  Hatchery, Hive  
  139  7:42  Zergling x4  
  142  7:49  Roach x2  
  142  7:50  Zergling x2, Roach x2  
  151  7:54  Overlord  
  151  7:55  Centrifugal Hooks, Zergling x8  
  155  8:01  Baneling x9  
  155  8:05  Zergling x12  
  159  8:09  Zergling x8  
  159  8:10  Drone  
  164  8:16  Drone x2, Overseer  
  164  8:18  Drone x3  
  164  8:19  Overlord  
  169  8:22  Extractor  
  169  8:23  Zergling x8  
  167  8:33  Zergling x8  
  162  8:35  Baneling  
  162  8:36  Baneling x12  
  160  8:42  Zergling x16  
  160  8:44  Hydralisk Den  
  160  8:46  Zergling x6  
  170  8:48  Overlord  
  170  8:51  Zergling x6  
  170  8:52  Drone x2  
  175  8:59  Overlord  
  175  9:01  Drone x2  
  177  9:08  Zergling x6, Roach x2  
  166  9:17  Zergling x22  
  166  9:19  Zergling x4  
  166  9:20  Zergling x4  
  166  9:24  Roach x2  
  173  9:29  Adrenal Glands  
  173  9:30  Zergling x6, Lurker Den  
  166  9:32  Baneling  
  166  9:33  Baneling x18  
  166  9:35  Zergling x4  
  167  9:43  Zergling x8  
  170  9:46  Drone  
  170  9:48  Baneling x13, Extractor  
  170  9:51  Extractor x2  
  170  9:52  Drone x3  
  171  9:57  Zergling x4  
  173  10:00  Zergling x14  
  173  10:01  Zergling x10  
  181  10:09  Hydralisk  
  181  10:10  Hydralisk x4  
  175  10:17  Zergling x6  
  170  10:25  Hydralisk x3  
  170  10:26  Zergling x2  
  159  10:30  Zergling x26  
  165  10:36  Zergling x4  
  165  10:40  Zergling x6  
  163  10:46  Zergling x4  
  165  10:52  Drone x3  
  165  10:54  Zergling x2  
  165  10:55  Zergling x18  
  165  10:57  Zergling x6  
  181  10:59  Overseer  
  181  11:00  Zergling x2  
Show
View Real Time Build Order
Export as new Build Order

Geralt Protoss 

Build Orders: 1 Gate Expand, Oracle Opening 

Get SALT Encoding   

  12  0:00  Probe  
  13  0:12  Probe  
  14  0:19  Pylon  
  14  0:24  Probe  
  15  0:37  Probe (Chrono Boost)  
  15  0:41  Gateway  
  16  0:47  Probe (Chrono Boost)  
  17  0:51  Assimilator  
  17  0:52  Probe (Chrono Boost)  
  18  1:04  Probe  
  19  1:16  Probe  
  20  1:27  Nexus  
  20  1:28  Probe  
  21  1:39  Cybernetics Core  
  21  1:49  Probe  
  21  1:51  Assimilator  
  21  1:53  Pylon  
  22  2:01  Probe  
  23  2:13  Adept (Chrono Boost), Probe  
  26  2:24  Stargate  
  26  2:25  Probe  
  27  2:33  Adept (Chrono Boost)  
  29  2:37  Probe  
  29  2:38  Warp Gate  
  29  2:40  Probe  
  31  2:49  Probe  
  32  2:52  Probe  
  32  2:55  Adept  
  35  3:01  Probe  
  36  3:05  Probe  
  36  3:10  Oracle (Chrono Boost)  
  36  3:12  Pylon  
  40  3:13  Probe  
  40  3:18  Probe  
  42  3:21  Gateway  
  42  3:38  Oracle (Chrono Boost)  
  45  3:43  Nexus  
  45  3:46  Pylon  
  45  3:48  Probe  
  44  3:53  Probe  
  45  3:56  Gateway  
  45  4:00  Probe  
  46  4:04  Gateway  
  46  4:05  Probe  
  47  4:12  Probe  
  47  4:15  Assimilator  
  46  4:17  Probe  
  46  4:21  Twilight Council  
  47  4:24  Probe  
  47  4:26  Stalker  
  47  4:27  Adept  
  47  4:29  Probe  
  53  4:34  Forge  
  53  4:36  Probe  
  54  4:42  Probe  
  55  4:49  Probe (Chrono Boost)  
  53  4:53  Stalker  
  53  4:54  Stalker, Adept, Probe (Chrono Boost)  
  53  4:57  Probe (Chrono Boost)  
  62  5:01  Adept, Probe (Chrono Boost)  
  62  5:03  Blink (Chrono Boost)  
  62  5:05  Probe (Chrono Boost)  
  62  5:06  Probe (Chrono Boost), Protoss Ground Weapons Level 1  
  66  5:08  Probe (Chrono Boost)  
  66  5:10  Probe (Chrono Boost)  
  66  5:11  Probe (Chrono Boost)  
  69  5:15  Probe  
  69  5:20  Probe  
  71  5:24  Probe  
  71  5:27  Probe, Pylon  
  73  5:28  Assimilator  
  73  5:30  Stalker  
  73  5:32  Probe  
  76  5:36  Probe  
  76  5:39  Pylon  
  77  5:45  Probe x2  
  77  5:47  Stalker  
  77  5:48  Probe  
  80  5:53  Stalker x2  
  80  5:55  Pylon  
  80  5:56  Shield Battery  
  84  5:57  Probe  
  84  5:58  Gateway x2  
  85  6:13  Probe x2  
  85  6:17  Probe  
  88  6:21  Nexus  
  88  6:23  Pylon  
  88  6:25  Gateway, Probe x2, Stalker  
  92  6:27  Gateway  
  93  6:40  Probe  
  93  6:41  Stalker x3  
  93  6:44  Probe  
  93  6:46  Probe  
  91  6:50  Charge (Chrono Boost), Stalker, Pylon  
  91  6:52  Probe  
  94  6:54  Gateway  
  94  7:00  Gateway  
  94  7:01  Stalker x2  
  98  7:07  Stalker, Probe  
  101  7:08  Probe  
  101  7:09  Probe  
  101  7:15  Protoss Ground Weapons Level 2 (Chrono Boost)  
  103  7:19  Probe  
  103  7:20  Probe  
  103  7:21  Stalker x2  
  103  7:22  Pylon  
  109  7:28  Shield Battery, Photon Cannon  
  109  7:29  Pylon  
  109  7:30  Pylon  
  109  7:31  Pylon  
  109  7:33  Probe x2  
  109  7:34  Templar Archives  
  111  7:38  Zealot x5  
  111  7:42  Zealot  
  123  7:48  Zealot x2  
  127  7:54  Probe x2  
  127  7:55  Assimilator  
  129  8:00  Assimilator, Probe  
  129  8:01  Robotics Facility  
  129  8:02  Psionic Storm  
  129  8:03  Pylon, Photon Cannon  
  129  8:04  Shield Battery  
  130  8:06  Pylon  
  130  8:08  Zealot x2  
  134  8:13  Pylon, Probe  
  134  8:15  High Templar x2  
  134  8:19  Pylon  
  139  8:21  Pylon  
  139  8:22  Pylon  
  139  8:26  Stalker  
  141  8:29  Stalker  
  133  8:36  Probe  
  133  8:37  Probe  
  133  8:38  Probe  
  133  8:40  Pylon  
  136  8:42  Assimilator  
  136  8:43  High Templar x2  
  136  8:46  Probe, Pylon, Photon Cannon  
  136  8:48  Shield Battery  
  141  8:54  Pylon  
  141  8:55  High Templar  
  143  8:57  Nexus  
  143  8:59  Pylon  
  143  9:00  Robotics Facility  
  143  9:07  Zealot x7  
  157  9:15  Archon  
  151  9:17  Zealot x2  
  151  9:18  Probe  
  151  9:19  Probe  
  150  9:31  Immortal (Chrono Boost)  
  150  9:34  Stalker x2  
  154  9:41  Probe x2  
  154  9:42  Probe, High Templar x2  
  161  9:46  Zealot x6  
  161  9:47  Probe  
  174  9:53  Immortal (Chrono Boost)  
  178  10:05  Photon Cannon  
  178  10:08  Archon, Immortal (Chrono Boost)  
  178  10:12  Stalker  
  178  10:13  Stalker x4  
  117  10:28  Zealot x5  
  119  10:39  Zealot  
  119  10:40  Zealot x2, Immortal (Chrono Boost)  
  119  10:41  High Templar  
  124  10:42  Probe (Chrono Boost)  
  124  10:43  Probe x3 (Chrono Boost)  
  124  10:44  Probe (Chrono Boost)  
  124  10:45  High Templar  
  124  10:52  High Templar x3  
  124  10:55  Probe (Chrono Boost)  
  124  10:56  Archon, High Templar  
  137  10:57  Zealot  
  137  10:59  Probe x2 (Chrono Boost)  
  137  11:00  Probe x2 (Chrono Boost)  
  137  11:01  Probe (Chrono Boost)  
  137  11:02  Zealot x3  
  144  11:04  Archon  
  120  11:13  Zealot  
Tags
 
Add a new tag
Caveats
  • Supply blocks, unpowered buildings, or Contaminate may cause inaccurate times.
  • Supply counts are checked every 10 seconds.